 Dungeon Sprint DCSS version 0.22-a0-247-gbddf880 (webtiles) character file.

5647 emperorscorpion the Martial Artist (level 10, -5/78 HPs)
             Began as a Red Draconian Transmuter on Feb 26, 2018.
             Was a High Priest of Sif Muna.
             Slain by a catoblepas (8 damage)
             ... in the Dungeon (Sprint IX: "|||||||||||||||||||||||||||||").
             The game lasted 00:10:06 (1744 turns).

emperorscorpion the Martial Artist (DrTm)           Turns: 1744, Time: 00:10:07

Health: -5/78      AC:  8    Str: 12    XL:     10   Next: 46%
Magic:  25/25      EV:  2    Int: 18    God:    Sif Muna [*****.]
Gold:   0          SH:  0    Dex: 17    Spells: 22/32 levels left

rFire    + . .     SeeInvis .     - Unarmed
rCold    . . .     Gourm    .   (no shield)
rNeg     + + +     Faith    .   (armour unavailable)
rPois    ∞         Spirit   .   (helmet restricted)
rElec    .         Reflect  .   (no cloak)
rCorr    .         Harm     .   (no gloves)
MR       .....     NoTele   +   n - +0 pair of boots
Stlth    +++.......             (no amulet)
HPRegen  0.23/turn              o - +3 ring of intelligence
MPRegen  0.19/turn              p - +3 ring of dexterity

@: petrified
A: breathe fire, unfitting armour, fire resistance 1, cold-blooded, AC +7
a: Breathe Fire, Divine Energy, Channel Magic, Forget Spell, Renounce Religion


You were in the Dungeon.
You worshipped Sif Muna.
Sif Muna was extremely pleased with you.
You were hungry.

You visited 1 branch

Inventory:

Armour
 n - a +0 pair of boots (worn)
Magical Staves
 m - an uncursed staff of energy
Jewellery
 o - a +3 ring of intelligence (left hand)
 p - a +3 ring of dexterity (right hand)
 r - an uncursed ring of poison resistance
Wands
 l - a wand of acid (1)
Scrolls
 j - 5 scrolls of remove curse
 k - 2 scrolls of amnesia
 t - 3 scrolls of fog
Potions
 c - 5 potions of curing
 d - 4 potions of heal wounds
 e - 2 potions of haste
 f - 4 potions of magic
 g - a potion of invisibility
 i - a potion of brilliance
 q - a potion of agility
Miscellaneous
 s - a phial of floods
Comestibles
 a - 2 chunks of flesh
 b - a ration


   Skills:
 + Level 4.1 Fighting
 + Level 6.9 Dodging
 + Level 5.2 Stealth
 + Level 14.8 Unarmed Combat
 + Level 11.6 Spellcasting
 + Level 9.7 Transmutations
 + Level 2.6 Ice Magic
 - Level 1.5 Poison Magic
 + Level 7.4 Evocations


You had 22 spell levels left.
You knew the following spells:

 Your Spells              Type           Power        Failure   Level  Hunger
a - Beastly Appendage     Tmut           #####.       1%          1    None
b - Sticks to Snakes      Tmut           #####...     1%          2    None
c - Spider Form           Tmut/Pois      ####......   1%          3    None
d - Ice Form              Ice/Tmut       ####....     5%          4    ##.....


Dungeon Overview and Level Annotations

Branches:
Dungeon (1/1)

Altars:
Cheibriados
Dithmenos
Elyvilon
Fedhas
Gozag
Hepliaklqana
Kikubaaqudgha
Makhleb
Nemelex Xobeh
Okawaru
Qazlal
Ru
Sif Muna
Trog
Uskayaw
Vehumet
Wu Jian
Xom
Yredelemnul
Zin
The Shining One
Beogh
Jiyva
Lugonu


Innate Abilities, Weirdness & Mutations

You can breathe blasts of fire.
Your fiery red scales are hard. (AC +7)
You cannot fit into any form of body armour.
Your flesh is heat resistant. (rF+)
You are cold-blooded and may be slowed by cold attacks.


Message History

Unknown command.
Your limbs are stiffening.
Unknown command.
You have turned to stone.
The catoblepas breathes a plume of calcifying dust at you.
The blast of calcifying dust hits you!
* * * LOW HITPOINT WARNING * * *
You are engulfed in calcifying dust. x3
The catoblepas gores you!!
* * * LOW HITPOINT WARNING * * *
You are engulfed in calcifying dust.
The catoblepas gores you but does no damage.
The catoblepas breathes a plume of calcifying dust at you.
The blast of calcifying dust hits the catoblepas.
The blast of calcifying dust hits you!
* * * LOW HITPOINT WARNING * * *
You are engulfed in calcifying dust.
The catoblepas gores you!!
* * * LOW HITPOINT WARNING * * *
You are engulfed in calcifying dust.
The catoblepas gores you!
You die...

▓_▓.▓.▓
▓_▓.▓.▓
▓_▓.▓.▓
▓_▓.▓'▓
▓_▓.▓.▓
▓_▓.▓.▓
▓_▓.▓.▓
▓_▓.▓.▓
▓_▓.▓@▓
▓_▓.▓Y▓
▓_▓.▓§▓
▓_▓.▓Y▓
▓_▓.▓÷▓
▓_▓.▓Y▓
▓_▓.▓Y▓
▓_▓.▓Y▓
▓_▓.▓Y▓


You could see 2 catoblepae.

Vanquished Creatures
  2 hydras (D)
  2 death yaks (D)
  An elephant (D)
  2 black mambas (D)
  A spiny frog (D)
  A komodo dragon (D)
  A hippogriff (D)
  2 yaks (D)
  A phantom (D)
  2 crocodiles (D)
  A bullfrog (D)
  A scorpion (D)
  A howler monkey (D)
  A crimson imp (D)
  3 jellies (D)
  An orc wizard (D)
  A worker ant (D)
  An adder (D)
  A shadow imp (D)
  An adder skeleton (D)
  A dart slug (D)
  2 leopard geckos (D)
  2 hobgoblins (D)
  A bat (D)
  A giant cockroach zombie (D)
34 creatures vanquished.

Vanquished Creatures (collateral kills)
  A black mamba (D)
  A yak (D)
  2 water moccasins (D)
  2 crocodiles (D)
  A wight (D)
7 creatures vanquished.

Grand Total: 41 creatures vanquished

Notes
Turn   | Place    | Note
-------+----------+-------------------------------------------
     0 | D        | emperorscorpion the Draconian Transmuter began the quest for the Orb.
     0 | D        | Reached XP level 1. HP: 16/16 MP: 3/3
    11 | D        | Reached skill level 4 in Unarmed Combat
    22 | D        | Reached XP level 2. HP: 18/23 MP: 5/5
    86 | D        | Learned a level 2 spell: Sticks to Snakes
   116 | D        | Noticed a phantom
   116 | D        | Noticed a crimson imp
   128 | D        | Reached skill level 5 in Unarmed Combat
   128 | D        | Reached XP level 3. HP: 22/28 MP: 3/7
   129 | D        | Reached skill level 6 in Unarmed Combat
   129 | D        | Reached XP level 4. HP: 27/35 MP: 3/9
   135 | D        | Killed a phantom
   135 | D        | Reached skill level 8 in Unarmed Combat
   135 | D        | Reached XP level 5. HP: 32/40 MP: 3/12
   142 | D        | Found a roughly hewn altar of Beogh.
   142 | D        | Found a snail-covered altar of Cheibriados.
   142 | D        | Found a shadowy altar of Dithmenos.
   142 | D        | Found a white marble altar of Elyvilon.
   142 | D        | Found a blossoming altar of Fedhas.
   142 | D        | Found an opulent altar of Gozag.
   143 | D        | Found a hazy altar of Hepliaklqana.
   144 | D        | Found a viscous altar of Jiyva.
   145 | D        | Found an ancient bone altar of Kikubaaqudgha.
   146 | D        | Found a corrupted altar of Lugonu.
   147 | D        | Found a burning altar of Makhleb.
   148 | D        | Found a sparkling altar of Nemelex Xobeh.
   149 | D        | Found an iron altar of Okawaru.
   150 | D        | Found a stormy altar of Qazlal.
   151 | D        | Found a sacrificial altar of Ru.
   152 | D        | Found a deep blue altar of Sif Muna.
   153 | D        | Found a bloodstained altar of Trog.
   154 | D        | Found a hide-covered altar of Uskayaw.
   155 | D        | Found a radiant altar of Vehumet.
   156 | D        | Found an ornate altar of the Wu Jian Council.
   157 | D        | Found a shimmering altar of Xom.
   158 | D        | Found a basalt altar of Yredelemnul.
   159 | D        | Found a glowing silver altar of Zin.
   160 | D        | Became a worshipper of Sif Muna the Loreminder
   161 | D        | Found a glowing golden altar of the Shining One.
   200 | D        | Learned a level 3 spell: Spider Form
   205 | D        | Learned a level 4 spell: Ice Form
   277 | D        | Reached skill level 9 in Unarmed Combat
   277 | D        | Reached skill level 5 in Spellcasting
   286 | D        | Reached XP level 6. HP: 43/47 MP: 3/14
   299 | D        | Reached * piety under Sif Muna
   299 | D        | Reached skill level 5 in Transmutations
   414 | D        | Noticed a yak
   414 | D        | Noticed a yak
   422 | D        | Killed a yak
   422 | D        | Reached skill level 5 in Dodging
   422 | D        | Reached skill level 10 in Unarmed Combat
   422 | D        | Reached skill level 1 in Poison Magic
   439 | D        | Killed a yak
   439 | D        | Reached ** piety under Sif Muna
   439 | D        | Reached skill level 1 in Stealth
   439 | D        | Reached skill level 11 in Unarmed Combat
   439 | D        | Your scales start taking on a fiery red colour.
   439 | D        | Reached XP level 7. HP: 13/52 MP: 7/17
   439 | D        | Gained mutation: Your flesh is heat resistant. (rF+) [Red Draconian growth]
   820 | D        | Noticed a seven-headed hydra
   820 | D        | Noticed a black mamba
   820 | D        | Noticed a spiny frog
   820 | D        | Noticed a yak
   822 | D        | Noticed a death yak
   833 | D        | Killed a seven-headed hydra
   833 | D        | Reached *** piety under Sif Muna
   833 | D        | Reached skill level 12 in Unarmed Combat
   833 | D        | Reached skill level 1 in Evocations
   833 | D        | Reached XP level 8. HP: 8/61 MP: 13/21
   837 | D        | Killed a black mamba
   854 | D        | Killed a death yak
   854 | D        | Reached **** piety under Sif Muna
   854 | D        | Reached skill level 13 in Unarmed Combat
   854 | D        | Reached skill level 10 in Spellcasting
   854 | D        | Reached skill level 1 in Ice Magic
   854 | D        | Reached XP level 9. HP: 13/67 MP: 16/23
   854 | D        | Killed a spiny frog
  1131 | D        | Reached ***** piety under Sif Muna
  1131 | D        | Identified Sif Muna's Incunabulum of the Ashen Entourage (Sif Muna gifted it to you in the Dungeon)
  1131 | D        | Received a gift from Sif Muna
  1243 | D        | Noticed a black mamba
  1243 | D        | Noticed a komodo dragon
  1243 | D        | Noticed a seven-headed hydra
  1251 | D        | Killed a black mamba
  1252 | D        | Noticed an elephant
  1258 | D        | Reached skill level 5 in Evocations
  1264 | D        | Killed a komodo dragon
  1264 | D        | Reached skill level 14 in Unarmed Combat
  1266 | D        | HP: 3/69 [seven-headed hydra (3)]
  1269 | D        | Killed a seven-headed hydra
  1269 | D        | Reached XP level 10. HP: 3/77 MP: 22/25
  1275 | D        | Noticed a black mamba
  1613 | D        | Killed an elephant
  1616 | D        | Killed a black mamba
  1657 | D        | Noticed a death yak
  1657 | D        | Noticed a catoblepas
  1657 | D        | Noticed a catoblepas
  1658 | D        | Noticed a death yak
  1735 | D        | Killed a death yak
  1735 | D        | Reached skill level 5 in Stealth
  1743 | D        | HP: 3/78 [catoblepas (10)]
  1744 | D        | Slain by a catoblepas

Vault maps used:
D:        linesprint

Skill      XL: |  1  2  3  4  5  6  7  8  9 10 |
---------------+-------------------------------+-----
Dodging        | 2 3 4 5 6 |  6.9
Unarmed Combat | 4 5 6 8 9 11 12 13 14 | 14.8
Spellcasting   | 3 4 5 7 9 10 11 | 11.6
Transmutations | 3 4 6 7 8 9 |  9.7
Poison Magic   | 1 |  1.5
Stealth        | 1 2 3 4 5 |  5.2
Evocations     | 1 3 6 7 |  7.4
Fighting       | 2 3 4 |  4.1
Ice Magic      | 1 2 |  2.6

Action                   |  1- 3 |  4- 6 |  7- 9 | 10-12 || total
-------------------------+-------+-------+-------+-------++-------
Melee: Unarmed           |    24 |    34 |    18 |    24 ||   100
       Tailslap          |     3 |       |     1 |       ||     4
       Punch             |     1 |     1 |     1 |       ||     3
       Headbutt          |     2 |       |       |       ||     2
 Cast: Sticks to Snakes  |     1 |     6 |     2 |       ||     9
       Beastly Appendage |     1 |     1 |       |       ||     2
       Spider Form       |       |     3 |     1 |     1 ||     5
       Ice Form          |       |       |     3 |     1 ||     4
 Abil: Breathe Fire      |       |       |     4 |     2 ||     6
       End Transformatio |       |       |     2 |       ||     2
Evoke: Phial of floods   |       |       |     5 |     2 ||     7
       Wand              |       |       |     9 |       ||     9
  Use: Potion            |     1 |       |     2 |       ||     3
       Scroll            |       |       |     2 |       ||     2
 Stab: Petrified         |       |       |       |    11 ||    11
       Petrifying        |       |       |       |     1 ||     1
  Eat: Chunk             |       |       |     2 |     2 ||     4
Armor: Skin              |     5 |     1 |       |     4 ||    10
Dodge: Dodged            |    14 |    19 |    24 |     4 ||    61

Table legend:
 A = Spawn XP
 B = Non-spawn XP
 C = Spawn XP percentage of total XP
 D = Spawn monster count
 E = Non-spawn monster count
 F = Spawn count percentage of total count
 G = Total turns spent on level
                    A         B        C        D         E        F      G
               +---------+---------+-------+---------+---------+-------+---------
         Total |       0 |    8068 |   0.0 |       0 |      41 |   0.0 |  1744
               +---------+---------+-------+---------+---------+-------+---------
             D |       0 |    8068 |   0.0 |       0 |      41 |   0.0 |  1744
               +---------+---------+-------+---------+---------+-------+---------
